AoeStats
← Bronco

Arena

508489873Analyzed
3v3 RM · 10d ago on Sep 22, 2026· 59m 53s· 6 players
Game mode
Random Map
Map size
Normal (6 player)
Population
200
Speed
Normal
Resources
Standard
Victory
Conquest
Starting age
Dark Age
Ending age
Imperial Age
RankedLock teamsTeams togetherTeam positionsShared explorationLock speedFull tech treeHidden civsTurbo modeCheats
Victory
Defeat
🇹🇼 Bulgarians · Taiwan
1223
+19
🇩🇪 Bengalis · Germany
1219
+19
🇩🇪 Britons · Germany
1202
+19
🇩🇪 Koreans · Germany
1293
-20
🇩🇪 Maya · Germany
1284
-19
🇩🇪 Burgundians · Germany
1263
-18
洗勒烤喔
10:41 Feudal Age
11:45 Loom
14:55 Castle Age
12:52 Double-Bit Axe
12:48 Horse Collar
17:38 Town Watch
19:59 Wheelbarrow
21:22 Gold Mining
30:00 Imperial Age
28:22 Gold Shaft Mining
28:18 Fletching
28:39 Forging
28:38 Scale Barding Armor
28:34 Scale Mail Armor
29:31 Heavy Plow
29:41 Bow Saw
30:33 Iron Casting
33:56 Chemistry
33:19 Hand Cart
33:55 Conscription
34:21 Stirrups
35:57 Bloodlines
35:47 Husbandry
36:50 Blast Furnace
36:11 Chain Barding Armor
36:07 Chain Mail Armor
36:38 Siege Engineers
37:21 Crop Rotation
36:41 Onager
38:33 Ballistics
38:38 Siege Onager
39:59 Elite Konnik
43:32 Plate Mail Armor
43:37 Plate Barding Armor
46:19 Light Cavalry
50:22 Hussar
50:42 Elite Skirmisher
51:29 Thumb Ring
50:47 Pikeman
51:28 Squires
51:57 Padded Archer Armor
53:45 Halberdier
niColaus
10:40 Feudal Age
15:09 Castle Age
13:36 Double-Bit Axe
13:36 Horse Collar
16:35 Wheelbarrow
21:15 Heavy Plow
21:48 Bow Saw
23:55 Hand Cart
28:16 Imperial Age
26:04 Town Watch
26:04 Loom
26:28 Scale Barding Armor
27:02 Bloodlines
26:51 Gold Mining
28:06 Chain Barding Armor
28:10 Husbandry
28:57 Forging
30:18 Elite Battle Elephant
32:11 Iron Casting
32:54 Paiks
34:11 Town Patrol
35:13 Plate Barding Armor
36:38 Blast Furnace
37:36 Sanctity
38:43 Two-Man Saw
38:16 Crop Rotation
38:39 Conscription
38:20 Fletching
38:54 Caravan
44:43 Light Cavalry
54:56 Heavy Scorpion
Omarix
10:02 Feudal Age
13:50 Castle Age
13:32 Double-Bit Axe
13:30 Horse Collar
15:53 Bow Saw
18:10 Loom
20:44 Wheelbarrow
21:30 Heavy Plow
22:21 Gold Mining
22:26 Stone Mining
22:36 Stone Mining
25:17 Hand Cart
25:36 Masonry
26:18 Hand Cart
29:46 Imperial Age
27:29 Town Watch
27:58 Fletching
28:10 Padded Archer Armor
29:18 Bodkin Arrow
29:39 Leather Archer Armor
30:17 Ballistics
30:50 Conscription
31:32 Chemistry
30:34 Bracer
31:04 Ring Archer Armor
31:39 Gold Shaft Mining
30:34 Elite Longbowman
31:52 Hoardings
32:03 Yeomen
33:52 Two-Man Saw
33:53 Hoardings
34:03 Architecture
35:45 Warwolf
36:10 Town Patrol
37:39 Siege Engineers
47:02 Caravan
47:34 Coinage
52:57 Banking
SebTheKing
0:26 Loom
10:23 Feudal Age
13:58 Castle Age
12:08 Double-Bit Axe
13:27 Horse Collar
14:50 Town Watch
15:56 Heavy Plow
19:31 Bow Saw
21:12 Wheelbarrow
27:49 Imperial Age
25:36 Gold Mining
26:06 Scale Mail Armor
26:16 Forging
26:18 Eagle Warrior
26:47 Arson
27:21 Chain Mail Armor
27:37 Squires
28:15 Iron Casting
27:53 Elite Eagle Warrior
29:05 Plate Mail Armor
31:14 Blast Furnace
31:48 Holcans
31:39 Conscription
34:53 Pikeman
36:04 Halberdier
38:33 Capped Ram
39:37 Siege Ram
Bronco
1:16 Wheelbarrow
10:53 Feudal Age
12:28 Loom
15:22 Castle Age
13:54 Double-Bit Axe
14:02 Horse Collar
17:32 Bow Saw
17:27 Heavy Plow
18:38 Heavy Plow
23:46 Wheelbarrow
22:56 Town Watch
24:33 Stone Mining
24:37 Gold Mining
25:45 Hand Cart
25:43 Fletching
27:15 Crop Rotation
27:58 Two-Man Saw
31:15 Imperial Age
29:41 Stone Shaft Mining
29:43 Gold Shaft Mining
29:27 Husbandry
30:33 Scale Barding Armor
30:39 Forging
31:49 Chain Barding Armor
31:22 Elite Coustillier
32:22 Conscription
32:53 Burgundian Vineyards
34:02 Plate Barding Armor
34:02 Iron Casting
33:41 Bodkin Arrow
34:14 Masonry
34:36 Squires
34:38 Scale Mail Armor
38:09 Blast Furnace
36:59 Arson
37:39 Chain Mail Armor
38:25 Blast Furnace
39:07 Architecture
39:10 Plate Mail Armor
41:43 Ballistics
42:24 Chemistry
42:08 Pikeman
43:25 Light Cavalry
48:38 Bracer
48:38 Padded Archer Armor
48:02 Crossbowman
48:03 Elite Skirmisher
49:43 Halberdier
51:25 Leather Archer Armor
commanderlionheart
10:14 Feudal Age
14:06 Castle Age
12:56 Double-Bit Axe
13:30 Loom
16:07 Fletching
20:20 Bow Saw
20:03 Horse Collar
23:00 Heavy Plow
25:20 Bodkin Arrow
26:30 Wheelbarrow
28:36 Hand Cart
28:07 Town Watch
30:04 Eupseong
32:56 Imperial Age
32:29 Town Patrol
33:23 Husbandry
33:31 Thumb Ring
33:51 Bracer
34:02 Elite War Wagon
36:52 Squires
36:38 Arson
37:41 Pikeman
39:39 Chemistry
41:27 Ballistics
40:33 Halberdier
49:51 Capped Ram
58:38 Forging
58:29 Scale Mail Armor
Connection lost

Rejoining the realm…

Still unreachable

The connection could not be restored.

Session expired

The server has moved on; the page needs a fresh start.